 Dungeon Crawl Stone Soup version 0.18.1-8-gdd0e5ea (webtiles) character file.

1759 st0uf the Ducker (level 8, 0/100 HPs)
             Began as a Black Draconian Skald on May 29, 2016.
             Was a Follower of Okawaru.
             Slain by a killer bee (6 damage)
             ... on level 7 of the Dungeon.
             The game lasted 00:35:05 (6533 turns).

st0uf the Ducker (Black Draconian Skald)            Turns: 6533, Time: 00:35:07

Health: 0/100      AC: 24    Str: 16    XL:     8   Next: 79%
Magic:  0/15       EV:  2    Int: 12    God:    Okawaru [*.....]
Gold:   112        SH:  8    Dex: 12    Spells: 4 memorised, 8 levels left

rFire  . . .     SeeInvis .     a - +0 falchion
rCold  . . .     Gourm    +     (armour unavailable)
rNeg   + + +     Faith    .     y - +0 shield
rPois  +         Spirit   .     (helmet currently unavailable)
rElec  .         Dismiss  .     (cloak currently unavailable)
rCorr  .         Reflect  .     (gloves currently unavailable)
SustAt .         Harm     .     (boots currently unavailable)
MR     +....     NoTele   +     F - amulet of the gourmand
Stlth  ++........               E - ring of positive energy
                                s - ring of protection from magic

@: lethally poisoned (0 -> -1), tree-form, singing, very slightly contaminated,
somewhat resistant to hostile enchantments, unstealthy
A: (breathe lightning), unfitting armour, (electricity resistance),
(cold-blooded), AC +6
a: Heroism, Renounce Religion, Stop Singing


You were on level 7 of the Dungeon.
You worshipped Okawaru.
Okawaru was aware of your devotion.
You were completely stuffed.
You were a tree.
You visited 2 branches of the dungeon, and saw 8 of its levels.

You collected 315 gold pieces.
You spent 203 gold pieces at shops.

Inventory:

Hand Weapons
 a - a +0 falchion (weapon)
Armour
 o - a +0 large shield
 p - a +2 pair of gloves of dexterity (melded)
 y - a +0 shield (worn)
Jewellery
 g - an uncursed ring of wizardry {unknown}
 s - a ring of protection from magic (left branch)
 C - an uncursed ring of sustain attributes {unknown}
 D - an uncursed ring of protection from magic
 E - a ring of positive energy (right branch)
 F - an amulet of the gourmand (around neck)
Scrolls
 d - 4 scrolls of noise
 e - a scroll of immolation
 j - 2 scrolls of remove curse
 k - 4 scrolls of teleportation
 l - 4 scrolls of magic mapping
 m - 12 scrolls of identify
 n - a scroll of fear {unknown}
 H - a scroll of recharging {unknown}
Potions
 h - 3 potions of curing
 q - a potion of berserk rage {unknown}
 r - a potion of resistance {unknown}
 t - 4 potions of lignification
 u - 2 potions of heal wounds {unknown}
 v - 2 potions of haste {unknown}
 w - a potion of degeneration {unknown}
 x - a potion of ambrosia {unknown}
 z - a potion of flight {unknown}
 A - a potion of brilliance {unknown}
 B - a potion of beneficial mutation {unknown}
Books
 b - a book of Battle

   Spells                             Type                      Level
   a - Infusion                       Charms                       1
   b - Shroud of Golubria             Charms/Translocation         2
   c - Song of Slaying                Charms                       2
   d - Spectral Weapon                Hexes/Charms                 3
   e - Regeneration                   Charms/Necromancy            3
Miscellaneous
 I - a plain deck of changes
Comestibles
 c - 6 bread rations
 f - 5 fruits
 i - 4 meat rations
 G - 3 chunks of flesh


   Skills:
 + Level 4.5 Fighting
 + Level 4.5 Long Blades
 + Level 6.2 Dodging
 + Level 1.8 Stealth
 + Level 1.9 Shields
 + Level 4.8 Spellcasting
 + Level 4.8 Charms


You had 8 spell levels left.
You knew the following spells:

 Your Spells              Type           Power        Failure   Level  Hunger
a - Infusion              Chrm           ##..         17%         1    None
b - Song of Slaying       Chrm           ##......     24%         2    ##.....
c - Shroud of Golubria    Chrm/Tloc      #.........   67%         2    ##.....
d - Regeneration          Chrm/Necr      #.........   95%         3    ###....


Dungeon Overview and Level Annotations

Branches:
Dungeon (7/15)             Temple (1/1) D:6

Altars:
Ashenzari
Cheibriados
Dithmenos
Elyvilon
Fedhas
Gozag
Kikubaaqudgha
Nemelex Xobeh
Okawaru
Pakellas
Qazlal
Ru
Sif Muna
Vehumet
Xom
Zin
The Shining One

Shops:
D:4 ?   D:5 [   D:6 *

Annotations:
D:6 Rationalist's ghost, novice MiBe


Innate Abilities, Weirdness & Mutations

((You can breathe wild blasts of lightning.))
((Your glossy black scales are hard (AC +6).))
Your body does not fit into most forms of armour.
((You are resistant to electric shocks.))
((You are cold-blooded and may be slowed by cold attacks.))


Message History

* * * LOW HITPOINT WARNING * * *
You block the killer bee's attack.
The ice beast hits you but does no damage.
The killer bee stings you but does no damage.
The killer bee stings you.
* * * LOW HITPOINT WARNING * * *
You barely miss the killer bee.
The killer bee is severely wounded.
The killer bee stings you but does no damage. x2
You block the ice beast's attack. The killer bee stings you.
* * * LOW HITPOINT WARNING * * *
You block the killer bee's attack.
You closely miss the killer bee.
The killer bee is severely wounded.
The killer bee stings you.
* * * LOW HITPOINT WARNING * * *
The killer bee stings you but does no damage.
You block the ice beast's attack. You block the killer bee's attack.
The killer bee stings you.
You die...

................##
.................#
.................#
................(#
.............)...#
.......>......<..#
......[......))..#
#...._.....yY.##
##.....#..Zy♣##
###...#######
#..### #.# ...
##.. ..#


You could see an ice beast, 2 killer bees and a centaur skeleton.

Vanquished Creatures
  Sigmund (D:4)
  An ice beast (D:6)
  A phantom (D:4)
  An ogre (D:5)
  A centaur (D:3)
  2 giant frogs (D:6)
  A big kobold (D:4)
  3 killer bees (D:7)
  A howler monkey (D:4)
  3 wights (D:6)
  3 vampire bats (D:2)
  A jelly (D:5)
  A centaur zombie (D:6)
  3 hounds
  5 orc wizards
  A giant frog skeleton (D:4)
  An iguana (D:6)
  4 worker ants
  2 hound skeletons
  2 adders
  A shadow imp (D:6)
  An ooze (D:2)
  5 worms
  3 dart slugs
  5 giant geckos
  16 orcs
  A bat skeleton (D:2)
  5 bat zombies (D:2)
  4 giant cockroaches
  8 goblins
  2 hobgoblins
  10 jackals
  30 kobolds
  5 quokkas
  A ball python (D:4)
  5 bats
  4 giant newts
  7 rats
  A fungus (D:1)
  A plant (D:4)
153 creatures vanquished.

Notes
Turn   | Place    | Note
--------------------------------------------------------------
     0 | D:1      | st0uf the Draconian Skald began the quest for the Orb.
     0 | D:1      | Reached XP level 1. HP: 17/17 MP: 3/3
   235 | D:1      | Reached XP level 2. HP: 23/25 MP: 1/5
   499 | D:1      | Reached XP level 3. HP: 29/30 MP: 2/6
   922 | D:2      | Found a snail-covered altar of Cheibriados.
  1008 | D:2      | Reached skill level 2 in Dodging
  1083 | D:2      | Found a sparkling altar of Nemelex Xobeh.
  1167 | D:2      | Found an ancient bone altar of Kikubaaqudgha.
  1172 | D:2      | Reached XP level 4. HP: 31/37 MP: 2/7
  1173 | D:2      | Reached skill level 1 in Stealth
  1255 | D:2      | Reached skill level 3 in Dodging
  1255 | D:2      | Reached XP level 5. HP: 36/44 MP: 4/8
  2047 | D:3      | Noticed a centaur
  2058 | D:3      | Killed a centaur
  2058 | D:3      | Reached XP level 6. HP: 48/51 MP: 3/9
  2414 | D:3      | Learned a level 2 spell: Song of Slaying
  2417 | D:3      | Learned a level 2 spell: Shroud of Golubria
  2421 | D:3      | Learned a level 3 spell: Regeneration
  2572 | D:4      | Found a sacrificial altar of Ru.
  2577 | D:4      | Found a glowing golden altar of the Shining One.
  2591 | D:4      | Found a shimmering altar of Xom.
  2628 | D:4      | Found an oddly glowing altar of Pakellas.
  2739 | D:4      | Reached skill level 4 in Dodging
  2987 | D:4      | Your scales start taking on a glossy black colour.
  2987 | D:4      | Reached XP level 7. HP: 14/57 MP: 6/11
  2987 | D:4      | Gained mutation: You are resistant to electric shocks. [Black Draconian growth]
  3524 | D:4      | Noticed Sigmund
  3590 | D:4      | Killed Sigmund
  4148 | D:4      | Found Ijecod Eghyp's Magic Scroll Emporium.
  4158 | D:4      | Bought a scroll of identify for 22 gold pieces
  4158 | D:4      | Bought a scroll of identify for 22 gold pieces
  4158 | D:4      | Bought a scroll of identify for 22 gold pieces
  4158 | D:4      | Bought a scroll of identify for 22 gold pieces
  4158 | D:4      | Bought 3 scrolls of magic mapping for 115 gold pieces
  4588 | D:5      | Entered Level 5 of the Dungeon
  4597 | D:5      | Reached skill level 5 in Dodging
  4690 | D:5      | Found Iqyot's Armour Boutique.
  4749 | D:5      | Found a radiant altar of Vehumet.
  4823 | D:5      | Reached XP level 8. HP: 52/66 MP: 8/14
  4919 | D:5      | Got an encrusted lajatang
  4920 | D:5      | Identified the +7 lajatang "Impbane" {drain, SInv} (You found it on level 5 of the Dungeon)
  4928 | D:5      | Found a glowing silver altar of Zin.
  5137 | D:6      | Found Gozag's Platinum Reserve.
  5137 | D:6      | Found an opulent altar of Gozag.
  5194 | D:6      | Found a staircase to the Ecumenical Temple.
  5207 | Temple   | Entered the Ecumenical Temple
  5265 | Temple   | Became a worshipper of Warmaster Okawaru
  5638 | D:6      | Reached skill level 1 in Shields
  5957 | D:6      | Reached * piety under Okawaru
  6218 | D:6      | Noticed Rationalist's ghost (novice MiBe)
  6472 | D:7      | Found a sparkling altar of Nemelex Xobeh.
  6503 | D:7      | Reached skill level 6 in Dodging
  6533 | D:7      | Slain by a killer bee

Skill      XL: |  1  2  3  4  5  6  7  8 |
---------------+-------------------------+-----
Charms         | 3 4 |  4.8
Dodging        | 2 3 4 5 6 |  6.2
Stealth        | 1 |  1.8
Fighting       | 3 4 |  4.5
Long Blades    | 3 4 |  4.5
Spellcasting   | 3 4 |  4.8
Shields        | 1 |  1.9

Action                   |  1- 3 |  4- 6 |  7- 9 || total
-------------------------+-------+-------+-------++-------
Melee: Falchion          |   123 |   143 |   279 ||   545
       Tailslap          |    11 |    23 |    41 ||    75
 Cast: Infusion          |    13 |    24 |    27 ||    64
       Song of Slaying   |       |     1 |     7 ||     8
Invok: Heroism           |       |       |     1 ||     1
 Abil: Breathe Lightning |       |       |     4 ||     4
  Use: Scroll            |       |       |     7 ||     7
       Potion            |       |       |     2 ||     2
 Stab: Sleeping          |       |     1 |       ||     1
  Eat: Chunk             |     1 |     7 |    21 ||    29
       Fruit             |       |       |     1 ||     1
Armor: Skin              |    61 |    63 |   149 ||   273
Dodge: Dodged            |    99 |    94 |   182 ||   375
Block: Large shield      |     7 |       |       ||     7
       Shield            |       |       |   101 ||   101
